Map: Crête de Lerilak

Players

zidar

  • Race: Zerg Zerg
  • League: Silver
  • Spawn Location: 11:00

ZeD - Winner!

  • Race: Protoss Protoss
  • League: Silver
  • Spawn Location: 7:00

VOD

Have the link to the VOD?

Description

Time

  • Played on: Dec. 16, 2015, 8:39 a.m.
  • Length: 11:02
Show
View Real Time Build Order
Export as new Build Order

zidar Zerg 

Build Orders: Hatch First 

Get SALT Encoding   

  12  0:03  Drone  
  13  0:12  Overlord  
  13  0:17  Drone  
  14  0:31  Drone x2  
  16  0:35  Drone  
  17  0:57  Hatchery  
  17  0:58  Drone  
  17  1:14  Spawning Pool  
  16  1:30  Drone  
  16  1:32  Drone  
  18  1:40  Extractor  
  18  1:44  Extractor, Drone  
  18  1:45  Drone  
  18  1:53  Overlord  
  18  2:13  Queen  
  18  2:14  Queen  
  22  2:27  Drone x5  
  26  2:56  Roach Warren  
  25  3:02  Drone x6  
  31  3:17  Metabolic Boost  
  31  3:25  Drone x5  
  36  3:27  Overlord  
  36  3:31  Overlord  
  36  4:00  Hatchery  
  35  4:12  Roach x5  
  35  4:13  Roach x3  
  51  4:36  Overlord x2  
  51  4:37  Overlord  
  51  4:54  Queen  
  51  4:59  Roach  
  55  5:00  Roach x7  
  55  5:05  Queen  
  71  5:12  Ravager  
  71  5:13  Ravager x3  
  75  5:14  Ravager  
  41  6:58  Zergling x32  
  41  6:59  Zergling x12  
  61  7:25  Roach  
  61  7:26  Roach x5  
  64  7:55  Roach  
  64  7:56  Roach x7  
  68  8:18  Roach x6  
  68  8:19  Roach  
  81  8:26  Drone  
  80  8:51  Zergling x4  
  80  8:55  Overlord x2  
  82  8:56  Overlord  
  80  9:14  Zergling x20  
  80  9:15  Zergling x8  
  94  9:22  Ravager x10  
  104  9:24  Hatchery  
  104  9:28  Overlord  
  104  9:29  Overlord x2  
  103  9:53  Roach x3  
  103  9:54  Roach x7  
  72  10:20  Roach x6  
  72  10:21  Roach  
  73  10:42  Extractor x2  
  72  10:48  Drone x4  
  72  10:49  Drone x8  
Show
View Real Time Build Order
Export as new Build Order

ZeD Protoss - Winner!

Build Orders: Nexus First 

Get SALT Encoding   

  12  0:03  Probe (Chrono Boost)  
  14  0:14  Probe (Chrono Boost)  
  14  0:20  Pylon  
  14  0:25  Probe (Chrono Boost)  
  15  0:38  Probe (Chrono Boost)  
  16  0:51  Probe (Chrono Boost)  
  17  1:03  Nexus  
  17  1:13  Forge  
  17  1:17  Probe (Chrono Boost)  
  18  1:28  Gateway  
  18  1:30  Probe (Chrono Boost)  
  19  1:40  Probe (Chrono Boost), Assimilator  
  20  1:51  Probe (Chrono Boost)  
  21  2:02  Gateway  
  21  2:03  Photon Cannon  
  21  2:15  Probe x2 (Chrono Boost)  
  23  2:26  Probe x2 (Chrono Boost)  
  25  2:30  Cybernetics Core  
  25  2:36  Probe x2 (Chrono Boost)  
  27  2:50  Probe x2 (Chrono Boost)  
  29  2:53  Assimilator  
  29  3:03  Probe x2 (Chrono Boost)  
  31  3:10  Warp Gate  
  31  3:13  Probe x2 (Chrono Boost)  
  31  3:14  Sentry  
  31  3:17  Zealot  
  37  3:24  Probe (Chrono Boost)  
  38  3:30  Pylon  
  38  3:37  Pylon  
  38  3:43  Pylon  
  40  3:48  Probe x2 (Chrono Boost)  
  40  3:49  Sentry  
  40  3:50  Pylon  
  40  3:52  Sentry  
  40  3:53  Pylon  
  44  3:58  Assimilator  
  44  4:06  Gateway  
  44  4:11  Probe (Chrono Boost)  
  44  4:12  Probe (Chrono Boost)  
  46  4:22  Probe x2 (Chrono Boost)  
  48  4:25  Sentry  
  49  4:31  Stalker  
  49  4:32  Probe (Chrono Boost)  
  52  4:43  Pylon  
  52  4:48  Photon Cannon  
  52  4:58  Robotics Facility  
  52  5:00  Robotics Facility  
  52  5:01  Photon Cannon  
  52  5:15  Gateway x2  
  52  5:16  Photon Cannon  
  52  5:24  Photon Cannon  
  52  5:27  Probe (Chrono Boost)  
  52  5:28  Probe (Chrono Boost), Assimilator  
  54  5:38  Probe x2 (Chrono Boost)  
  56  5:48  Stalker x2  
  56  5:49  Stalker  
  61  5:52  Immortal (Chrono Boost)  
  61  5:53  Immortal (Chrono Boost)  
  57  6:14  Stalker x3  
  38  6:41  Stalker x3  
  40  6:58  Immortal x2 (Chrono Boost)  
  48  7:06  Stalker x2  
  52  7:10  Zealot x2  
  52  7:15  Probe x2 (Chrono Boost)  
  58  7:26  Probe (Chrono Boost)  
  58  7:27  Probe (Chrono Boost)  
  58  7:29  Zealot  
  62  7:30  Zealot x3  
  62  7:31  Zealot  
  71  7:37  Probe x2 (Chrono Boost)  
  54  7:46  Photon Cannon  
  54  7:48  Immortal, Photon Cannon  
  58  7:54  Photon Cannon  
  58  8:07  Zealot x4  
  62  8:22  Forge  
  62  8:45  Immortal x2  
  62  8:47  Zealot x2  
  74  8:51  Sentry x3  
  80  8:59  Photon Cannon  
  78  9:16  Sentry x4  
  86  9:26  Pylon  
  86  9:32  Photon Cannon  
  86  9:42  Pylon  
  86  9:53  Stalker x4  
  94  10:04  Pylon  
  94  10:05  Pylon  
  94  10:08  Pylon  
  88  10:19  Sentry x5  
  98  10:34  Probe x2 (Chrono Boost)  
  100  10:59  Nexus  
Tags
 
Add a new tag
Caveats
  • Supply blocks, unpowered buildings, or Contaminate may cause inaccurate times.
  • Supply counts are checked every 10 seconds.